 Dungeon Crawl Stone Soup version 0.29.0-4-gdea44cf6ec (webtiles) character file.

Game seed: 1438475496590613764

61 qw the Chopper (level 3, 0/31 HPs)
             Began as a Minotaur Fighter on Sept 4, 2022.
             Slain by a hobgoblin
             ... wielding a +2 spear of venom
              (5 damage)
             ... on level 2 of the Dungeon.
             The game lasted 00:00:40 (1530 turns).

qw the Chopper (Minotaur Fighter)                   Turns: 1530, Time: 00:00:40

Health: 0/31       AC:  6    Str: 22    XL:     3   Next: 83%
Magic:  2/2        EV:  9    Int:  5    God:
Gold:   51         SH:  4    Dex:  9    Spells: 2/2 levels left

rFire   . . .      SeeInvis .   Y - +0 war axe
rCold   . . .      Faith    .   c - +0 buckler
rNeg    . . .      Spirit   .   b - +0 scale mail
rPois   .          Reflect  .   (helmet restricted)
rElec   .          Harm     .   (no cloak)
rCorr   .          Rampage  .   (no gloves)
Will    .....                   (no boots)
Stlth   ..........              (no amulet)
HPRegen 0.10/turn               (no ring)
MPRegen 0.08/turn               (no ring)

@: lethally poisoned (0 -> -7)
A: horns 2, retaliatory headbutt
a: no special abilities


You were on level 2 of the Dungeon.
You visited 1 branch of the dungeon, and saw 2 of its levels.

You collected 51 gold pieces.


Innate Abilities, Weirdness & Mutations

You have a pair of horns on your head.
You reflexively headbutt those who attack you in melee.


   Skills:
 - Level 3.6 Fighting
 - Level 5.0 Axes
 - Level 3.6 Armour
 + Level 0.7 Dodging
 - Level 3.6 Shields


You had 2 spell levels left.
You didn't know any spells.
Your spell library was empty.

Inventory:

Hand Weapons
 l - a +0 whip
 Y - a +0 war axe (weapon)
Armour
 b - a +0 scale mail (worn)
 c - a +0 buckler (worn)
 j - a +0 pair of boots
Jewellery
 i - a ring of fire
Scrolls
 a - a scroll of noise {unknown}
 p - a scroll of immolation {unknown}
Potions
 d - a potion of might
 e - a potion of brilliance {unknown}
 f - 2 potions of heal wounds {unknown}
 g - a potion of invisibility {unknown}
 h - a potion of lignification {unknown}
 k - a potion of haste {unknown}
 m - a potion of mutation {unknown}
 n - a potion of degeneration {unknown}
 o - a potion of curing {unknown}
 q - a potion of attraction {unknown}

Dungeon Overview and Level Annotations

Branches:
Dungeon (2/15)

Altars:


Message History

You start resting.
HP restored.
You see here 6 stones.
You see here a hobgoblin corpse.
A dart slug comes into view.
You slash the dart slug!
You kill the dart slug!
Found a stone staircase leading up.
Enter note: You see here a hobgoblin corpse.
There is a stone staircase leading down here.
q - a dark potion A hobgoblin comes into view.
It is wielding a +2 spear of venom.
1522 ||| Stepping ~*~*~tactically~*~*~ (stealth).
The hobgoblin shouts!
The hobgoblin hits you but does no damage.
You are poisoned.
A rat comes into view.
A quokka comes into view.
You feel sick. You block the hobgoblin's attack.
You closely miss the hobgoblin. Your headbutt misses the hobgoblin.
You feel sick.
The hobgoblin hits you but does no damage.
You are more poisoned.
You hit the rat.
You kill the rat!
You closely miss the hobgoblin.
You feel very sick.
The hobgoblin hits you with a +2 spear of venom. x2
You hit the hobgoblin.
The hobgoblin is lightly wounded.
You feel very sick. The hobgoblin barely misses you.
The quokka completely misses you. You furiously retaliate!
You headbutt the quokka. You closely miss the quokka.
The quokka is almost dead.
You hit the hobgoblin but do no damage.
You feel sick.
The hobgoblin hits you with a +2 spear of venom.
You die...

[#.# #.#.#.# # .#.# #.#.#.#
.#.####.#.#.# .#...##.#.#.#
.###...%#.#.#####################
.# ####.%.)......................
.# #...#......################ .#
#####......# .# #.....@# .#
......rg# .# .......... .#
........#. .# ###.....#.. .#
#.....# .. #. .### ####### ... #.
...# ... #. ##.# #.


You could see a quokka and a hobgoblin.

Vanquished Creatures
  2 adders (D:2)
  2 worms (D:2)
  2 dart slugs
  2 endoplasms (D:1)
  2 giant cockroaches (D:1)
  A goblin (D:1)
  2 hobgoblins
  4 jackals
  A ball python (D:1)
  7 bats
  4 frilled lizards
  2 kobolds
  3 rats (D:2)
34 creatures vanquished.

Notes
Turn   | Place    | Note
-------+----------+-------------------------------------------
     0 | D:1      | qw the Minotaur Fighter began the quest for the Orb.
     0 | D:1      | Reached XP level 1. HP: 19/19 MP: 0/0
     0 | D:1      | 0 ||| qw: Version: 0.1-a-103-gd6f5d3a
     0 | D:1      | 0 ||| qw: Game counter: 5600
     0 | D:1      | 0 ||| qw: Always use a shield: true
     0 | D:1      | 0 ||| qw: God list: Ru
     0 | D:1      | 0 ||| qw: Allow faded altars: false
     0 | D:1      | 0 ||| qw: Do Orc after D:15 true
     0 | D:1      | 0 ||| qw: Do second Lair branch before Depths: true
     0 | D:1      | 0 ||| qw: Lair rune preference: random
     0 | D:1      | 0 ||| qw: Plans: Normal
     0 | D:1      | 0 ||| PLANNING D:1-11
   159 | D:1      | Reached skill level 3 in Axes
   184 | D:1      | 184 ||| Stepping ~*~*~tactically~*~*~ (stealth).
   190 | D:1      | Reached XP level 2. HP: 26/26 MP: 1/1
   193 | D:1      | 193 ||| Stepping ~*~*~tactically~*~*~ (stealth).
   194 | D:1      | 194 ||| Stepping ~*~*~tactically~*~*~ (stealth).
   252 | D:1      | 252 ||| Stepping ~*~*~tactically~*~*~ (stealth).
   364 | D:1      | 364 ||| Stepping ~*~*~tactically~*~*~ (hiding).
   516 | D:1      | Reached skill level 4 in Axes
   788 | D:1      | 788 ||| READING 2 scrolls labelled MEG XUNURAAPLO.
   789 | D:1      | 789 ||| READING scroll labelled JONKAU XIORA.
   793 | D:1      | 793 ||| DROPPING scroll of blinking.
   834 | D:2      | Reached XP level 3. HP: 27/31 MP: 2/2
   861 | D:2      | 861 ||| Stepping ~*~*~tactically~*~*~ (stealth).
   963 | D:2      | 963 ||| Stepping ~*~*~tactically~*~*~ (stealth).
  1361 | D:2      | Reached skill level 5 in Axes
  1522 | D:2      | 1522 ||| Stepping ~*~*~tactically~*~*~ (stealth).
  1529 | D:2      | HP: 7/31 [poisoned by a hobgoblin]
  1530 | D:2      | Slain by a hobgoblin

Levels and vault maps discovered:
D:1:      dpeg_arrival_boxorama, layout_basic
D:2:      layout_basic

Skill      XL: |  1  2  3 |
---------------+----------+-----
Axes           | 3 4 5 |  5.0
Fighting       | |  3.6
Armour         | |  3.6
Dodging        | |  0.7
Shields        | |  3.6

Action                   || total
-------------------------++-------
Melee: War axe           ||    78
       Headbutt          ||     6
  Use: Scroll            ||     2
Armor: Scale mail        ||    32
Dodge: Dodged            ||    29
Block: Buckler           ||    10

Table legend:
 A = Non-vault XP
 B = Vault XP
 C = Vault XP percentage of total XP
 D = Non-vault monster count
 E = Vault monster count
 F = Vault count percentage of total count
                 A         B        C        D         E       F
            +---------+---------+-------+---------+---------+-------
      Total |      88 |       0 |   0.0 |      34 |       0 |   0.0
            +---------+---------+-------+---------+---------+-------
        D:1 |      30 |       0 |   0.0 |      18 |       0 |   0.0
        D:2 |      58 |       0 |   0.0 |      16 |       0 |   0.0
            +---------+---------+-------+---------+---------+-------
